Map: Eastwatch LE

Players

JackO - Winner!

  • Race: Protoss Protoss
  • Spawn Location: 1:00

Yarion

  • Race: Protoss Protoss
  • Spawn Location: 7:00

Event: WCS Leipzig 2018

VOD

Have the link to the VOD?

Description

Time

  • Played on: Jan. 26, 2018, 6:49 a.m.
  • Length: 6:24

All games in this series

Show
View Real Time Build Order
Export as new Build Order

JackO Protoss - Winner!

Build Orders: Oracle Opening 

Get SALT Encoding   

  12  0:00  Probe  
  13  0:12  Probe  
  14  0:21  Pylon  
  14  0:24  Probe  
  15  0:39  Probe  
  15  0:40  Gateway  
  16  0:47  Assimilator  
  16  0:51  Probe (Chrono Boost)  
  16  0:53  Assimilator  
  17  1:00  Probe (Chrono Boost)  
  18  1:05  Probe (Chrono Boost)  
  19  1:11  Gateway  
  19  1:17  Probe (Chrono Boost)  
  20  1:25  Probe (Chrono Boost)  
  21  1:27  Cybernetics Core  
  21  1:32  Probe  
  22  1:41  Pylon  
  22  1:44  Probe  
  23  1:59  Probe  
  23  2:01  Warp Gate (Chrono Boost)  
  24  2:05  Stalker  
  24  2:06  Stalker  
  28  2:18  Pylon  
  28  2:27  Stargate  
  28  2:36  Adept x2  
  32  3:02  Shield Battery  
  32  3:08  Oracle (Chrono Boost)  
  33  3:20  Stalker x2  
  37  3:33  Nexus  
  37  3:51  Shield Battery  
  37  3:55  Pylon  
  35  4:04  Oracle  
  35  4:07  Probe  
  37  4:12  Robotics Facility  
  37  4:22  Sentry  
  39  4:27  Stalker  
  41  4:50  Shield Battery  
  41  4:54  Pylon  
  41  4:57  Immortal (Chrono Boost)  
  42  5:00  Stalker  
  44  5:15  Shield Battery  
  44  5:16  Shield Battery  
  44  5:17  Sentry  
  44  5:18  Pylon  
  44  5:32  Immortal (Chrono Boost)  
  46  5:39  Zealot  
  48  5:45  Zealot  
  46  6:05  Probe  
Show
View Real Time Build Order
Export as new Build Order

Yarion Protoss 

Build Orders:  

Get SALT Encoding   

  12  0:00  Probe  
  13  0:13  Probe  
  14  0:18  Pylon  
  14  0:25  Probe  
  15  0:37  Gateway  
  15  0:38  Probe (Chrono Boost)  
  16  0:45  Assimilator  
  16  0:49  Probe (Chrono Boost)  
  17  0:55  Assimilator  
  17  0:57  Probe (Chrono Boost)  
  18  1:08  Probe (Chrono Boost)  
  19  1:12  Gateway  
  19  1:13  Probe (Chrono Boost)  
  20  1:23  Probe  
  21  1:31  Cybernetics Core  
  21  1:35  Probe  
  22  1:46  Pylon  
  22  1:47  Probe  
  23  2:04  Probe  
  24  2:08  Stalker x2  
  24  2:09  Warp Gate (Chrono Boost)  
  28  2:18  Probe  
  29  2:25  Pylon  
  29  2:34  Pylon  
  29  2:39  Stalker  
  29  2:43  Stalker  
  33  3:04  Gateway  
  33  3:06  Robotics Facility  
  31  3:21  Stalker x2  
  34  3:57  Probe  
  34  3:59  Immortal  
  37  4:09  Probe  
  36  4:16  Stalker x2  
  36  4:17  Stalker  
  39  4:42  Stalker x2  
  38  5:16  Stalker x2  
  34  5:36  Immortal (Chrono Boost)  
  36  5:53  Stalker  
  20  6:05  Probe  
Tags
 
Add a new tag
Caveats
  • Supply blocks, unpowered buildings, or Contaminate may cause inaccurate times.
  • Supply counts are checked every 10 seconds.